[Event "Titled Tuesday Blitz November 14 Late 2023"]
[White "angelgab3"]
[Black "Pakleza, Zbigniew"]
[BlackFideId "1119290"]
[WhiteElo "2567"]
[BlackElo "2814"]
[Result "1-0"]
[Round "7"]
[TimeControl "180+1"]
[Date "2023.11.14"]
[WhiteClock "0:00:05"]
[BlackClock "0:00:00"]
[Board "31"]

1. e4 d6 2. d4 Nf6 3. Nc3 c6 4. Nf3 Bg4 5. h3 Bh5 6. Be2 e6 7. Be3 d5 8. e5 Nfd7 9. O-O c5 10. dxc5 Nc6 11. Nb5 Nxc5 12. c4 dxc4 13. Nd6+ Bxd6 14. exd6 Ne4 15. Bxc4 Qxd6 16. Qb3 O-O 17. Qxb7 Bxf3 18. gxf3 Rab8 19. Qa6 Nd2 20. Rfd1 Nxf3+ 21. Kg2 Nh4+ 22. Kh1 Qc7 23. Rac1 Nb4 24. Qxa7 Qe5 25. Qd4 Qh5 26. Qg4 Qxg4 27. hxg4 Ng6 28. a3 Nc6 29. b4 Nce5 30. Be2 Ra8 31. Rc3 Ne7 32. f4 N5g6 33. Bf3 Nd5 34. Bxd5 exd5 35. Rxd5 Rfe8 36. Kg2 Ne7 37. Re5 f5 38. gxf5 Rad8 39. Bc5 Nd5 40. Rxe8+ Rxe8 41. Rf3 Re2+ 42. Rf2 Nxf4+ 43. Kf3 Rxf2+ 44. Bxf2 Nd5 45. Ke4 Nc7 46. a4 1-0


[Site "https://www.chess.com"]

[Event "Titled Tuesday Blitz November 14 Late 2023"]
[White "subham777"]
[Black "Ghasi, Ameet K"]
[BlackFideId "409200"]
[WhiteElo "2551"]
[BlackElo "2799"]
[Result "0-1"]
[Round "7"]
[TimeControl "180+1"]
[Date "2023.11.14"]
[WhiteClock "0:00:56"]
[BlackClock "0:01:59"]
[Board "32"]

1. e4 g6 2. g3 Bg7 3. Bg2 c5 4. Ne2 Nc6 5. O-O d6 6. c3 h5 7. d4 h4 8. Be3 Nf6 9. dxc5 Ng4 10. Bd4 e5 11. Be3 Nxe3 12. fxe3 Qg5 13. cxd6 Qxe3+ 14. Kh1 hxg3 0-1


[Site "https://www.chess.com"]

[Event "Titled Tuesday Blitz November 14 Late 2023"]
[White "mind1mover"]
[Black "Ismayil, Malak"]
[BlackFideId "13412604"]
[WhiteElo "2799"]
[BlackElo "2550"]
[Result "1-0"]
[Round "7"]
[TimeControl "180+1"]
[Date "2023.11.14"]
[WhiteClock "0:00:14"]
[BlackClock "0:00:00"]
[Board "33"]

1. d4 Nf6 2. Nf3 d5 3. c3 e6 4. Bg5 Be7 5. e3 O-O 6. Nbd2 c5 7. Bd3 c4 8. Bc2 h6 9. Bxf6 Bxf6 10. e4 b5 11. a3 Nd7 12. h4 e5 13. exd5 exd4 14. cxd4 Nb6 15. Ne4 Nxd5 16. Ne5 Re8 17. Qh5 Bxe5 18. dxe5 Nf4 19. Qf3 Nd3+ 20. Bxd3 Qxd3 21. Qxd3 cxd3 22. f4 f6 23. Kd2 fxe5 24. Rhe1 Bg4 25. Nd6 Re6 26. fxe5 Be2 27. Nxb5 Rb8 28. Nd4 Rxe5 29. b4 Re4 30. Nc6 Rb7 31. Rac1 Rxh4 32. Nd8 Rd7 33. Rc8 Kh7 34. Ne6 Rf7 35. Nf8+ Rxf8 36. Rxf8 Rg4 37. Rg1 Rc4 38. Rc1 Rg4 39. Rf2 a5 40. Rb1 axb4 41. axb4 Rg6 42. b5 Rb6 43. Rf4 g5 44. Rc4 Bh5 45. Rc7+ Kg8 46. Rc6 Rb7 47. b6 Bf7 48. Rc7 Rb8 49. b7 Be6 50. Re1 Bf5 51. Ra1 Re8 52. Ra8 1-0


[Site "https://www.chess.com"]

[Event "Titled Tuesday Blitz November 14 Late 2023"]
[White "Brodsky, David"]
[Black "Pourkashiyan, Atousa"]
[WhiteFideId "2073250"]
[BlackFideId "12502014"]
[WhiteElo "2789"]
[BlackElo "2544"]
[Result "1-0"]
[Round "7"]
[TimeControl "180+1"]
[Date "2023.11.14"]
[WhiteClock "0:00:34"]
[BlackClock "0:00:00"]
[Board "34"]

1. e4 e5 2. Nf3 Nf6 3. Nxe5 d6 4. Nf3 Nxe4 5. d4 d5 6. Bd3 Nc6 7. O-O Be7 8. Nbd2 Bf5 9. Re1 Nd6 10. Nf1 O-O 11. Bf4 Bxd3 12. Qxd3 Ne4 13. Ne3 f5 14. Qb3 Nf6 15. Nxf5 Nh5 16. Nxe7+ Nxe7 17. Bg5 Nf6 18. Qxb7 Kh8 19. Qb4 Nf5 20. Ne5 Nd6 21. Ng4 Nde4 22. Nxf6 gxf6 23. Be3 Qd7 24. f3 Nd6 25. Qc5 Nf5 26. Bf4 c6 27. g4 Rg8 28. Kf2 Nh4 29. Re7 Qc8 30. Rf7 Nxf3 31. Qe7 1-0


[Site "https://www.chess.com"]

[Event "Titled Tuesday Blitz November 14 Late 2023"]
[White "Dourerassou, Jonathan"]
[Black "Statham_l3"]
[WhiteFideId "628050"]
[WhiteElo "2787"]
[BlackElo "2541"]
[Result "1-0"]
[Round "7"]
[TimeControl "180+1"]
[Date "2023.11.14"]
[WhiteClock "0:01:41"]
[BlackClock "0:00:00"]
[Board "35"]

1. d4 e6 2. Nf3 f5 3. g3 Nf6 4. Bg2 d5 5. O-O c6 6. Bf4 Be7 7. Nbd2 O-O 8. Ne5 Bd7 9. c4 Be8 10. Qb3 Qc8 11. Rac1 Nbd7 12. cxd5 exd5 13. Ndf3 Ne4 14. Nxd7 Qxd7 15. Ne5 Qc8 16. f3 Nf6 17. e4 Kh8 18. Bg5 Bh5 19. Bh3 dxe4 20. fxe4 Qd8 21. Rxf5 Qxd4+ 22. Be3 Qxe4 23. Rc4 Qb1+ 24. Rf1 Qxf1+ 25. Bxf1 Nd5 26. Bf2 Bd6 27. Rh4 1-0


[Site "https://www.chess.com"]

[Event "Titled Tuesday Blitz November 14 Late 2023"]
[White "Rastbod, Ali"]
[Black "Erdogan, Anil Berk"]
[WhiteFideId "12567477"]
[BlackFideId "6348173"]
[WhiteElo "2779"]
[BlackElo "2540"]
[Result "1-0"]
[Round "7"]
[TimeControl "180+1"]
[Date "2023.11.14"]
[WhiteClock "0:01:08"]
[BlackClock "0:00:39"]
[Board "36"]

1. d4 Nf6 2. Bg5 c5 3. Nc3 cxd4 4. Qxd4 Nc6 5. Qh4 e6 6. e4 Be7 7. O-O-O d5 8. exd5 Nxd5 9. Nf3 Bxg5+ 10. Nxg5 h6 11. Nxd5 exd5 12. Re1+ Kf8 13. f4 Bf5 14. g4 Be4 15. Rxe4 dxe4 16. Bc4 Ne5 17. Bxf7 hxg5 18. Qxh8+ Kxf7 19. Qh5+ Kg8 20. fxe5 Qe7 21. h4 Qf7 22. hxg5 Qxh5 23. gxh5 Re8 24. h6 gxh6 25. gxh6 Rxe5 26. h7+ Kh8 27. Kd2 e3+ 28. Ke2 Re7 29. Rh3 b6 30. Rxe3 Rxh7 31. Re8+ Kg7 32. Re7+ Kg6 33. Rxh7 Kxh7 34. Kd3 Kg6 35. Kc4 Kf6 36. Kb5 Ke6 37. Ka6 Kd6 38. Kxa7 Kc5 39. Ka6 b5 40. Ka5 b4 41. b3 Kd4 42. Kxb4 Kd5 43. c4+ Kc6 44. Kc3 Kb6 45. b4 Ka6 46. a4 Ka7 47. c5 Kb7 48. Kc4 Ka6 49. b5+ Ka7 50. Kd5 Kb7 51. c6+ Ka8 52. Kc5 Kb8 53. a5 Ka7 54. b6+ Ka8 55. Kd6 Kb8 56. c7+ Ka8 57. c8=Q# 1-0


[Site "https://www.chess.com"]

[Event "Titled Tuesday Blitz November 14 Late 2023"]
[White "JackRodgers"]
[Black "Karacsonyi, Gellert"]
[BlackFideId "764620"]
[WhiteElo "2533"]
[BlackElo "2753"]
[Result "1-0"]
[Round "7"]
[TimeControl "180+1"]
[Date "2023.11.14"]
[WhiteClock "0:01:49"]
[BlackClock "0:02:18"]
[Board "37"]

1. d4 Nf6 2. Bg5 d5 3. Bxf6 exf6 4. e3 g6 5. h4 Nd7 6. h5 f5 7. c4 dxc4 8. Bxc4 Nf6 9. Qb3 Qe7 10. hxg6 fxg6 11. Nf3 Qb4+ 12. Nc3 Qxb3 13. Bxb3 Bd7 14. Ne5 Bb4 15. Nxg6 Ne4 16. Nxh8 Nxc3 17. bxc3 Bxc3+ 18. Ke2 Bxa1 19. Rxa1 a5 20. Rh1 a4 21. Bc4 b5 22. Bd3 a3 23. Rxh7 Be6 24. Bxb5+ Kf8 25. Ng6+ Kg8 26. Rh8+ 1-0


[Site "https://www.chess.com"]

[Event "Titled Tuesday Blitz November 14 Late 2023"]
[White "Sztokbant, Bernardo Vainzoff"]
[Black "Hambleton, Aman"]
[WhiteFideId "2115956"]
[BlackFideId "2606577"]
[WhiteElo "2515"]
[BlackElo "2722"]
[Result "1-0"]
[Round "7"]
[TimeControl "180+1"]
[Date "2023.11.14"]
[WhiteClock "0:00:16"]
[BlackClock "0:00:00"]
[Board "38"]

1. b3 e5 2. Bb2 Nc6 3. e3 Nf6 4. Nf3 d6 5. d4 Nd7 6. c4 g6 7. Be2 Bg7 8. O-O O-O 9. Nc3 exd4 10. exd4 Re8 11. Re1 Nf6 12. h3 Ne4 13. Bd3 Nxc3 14. Bxc3 Rxe1+ 15. Qxe1 Bd7 16. d5 Ne7 17. Bxg7 Kxg7 18. Qc3+ f6 19. Re1 Ng8 20. Nd4 Qf8 21. b4 Re8 22. Rxe8 Qxe8 23. c5 Qe5 24. cxd6 Qxd6 25. Be4 Ne7 26. Qc5 b6 27. Qc4 Qe5 28. h4 f5 29. Bf3 Qe1+ 30. Kh2 Qxf2 31. Qxc7 Qxh4+ 32. Kg1 Qxd4+ 33. Kh2 Qh4+ 34. Kg1 Qe1+ 35. Kh2 Kf6 36. Qxd7 Qe5+ 37. Kg1 Qe1+ 38. Kh2 Qh4+ 39. Kg1 Qd4+ 40. Kh2 f4 41. Qe6+ Kg7 42. Qxe7+ Kh6 43. d6 Qf2 44. d7 Qh4+ 45. Qxh4+ 1-0


[Site "https://www.chess.com"]

[Event "Titled Tuesday Blitz November 14 Late 2023"]
[White "Kubicka, Anna"]
[Black "Djokic, Mihailo"]
[WhiteFideId "1152254"]
[BlackFideId "976440"]
[WhiteElo "2480"]
[BlackElo "2676"]
[Result "0-1"]
[Round "7"]
[TimeControl "180+1"]
[Date "2023.11.14"]
[WhiteClock "0:00:00"]
[BlackClock "0:01:26"]
[Board "39"]

1. e4 c5 2. Ne2 Nf6 3. Nbc3 Nc6 4. d4 cxd4 5. Nxd4 g6 6. Be3 Bg7 7. f3 O-O 8. Qd2 d6 9. Bc4 Bd7 10. Nxc6 bxc6 11. g4 Qa5 12. h4 Rab8 13. Bb3 Be6 14. h5 Bxb3 15. cxb3 d5 16. e5 Nd7 17. e6 Ne5 18. O-O-O Nxf3 19. Qc2 d4 20. exf7+ Rxf7 21. hxg6 hxg6 22. Bxd4 Qg5+ 23. Kb1 Nxd4 24. Qh2 Be5 25. Qg2 Rbf8 26. a3 Rf2 27. Qh3 R2f7 28. Ne4 Qf4 29. Rde1 Nf3 0-1


[Site "https://www.chess.com"]

[Event "Titled Tuesday Blitz November 14 Late 2023"]
[White "ATM622"]
[Black "reevecanada"]
[WhiteElo "2452"]
[BlackElo "2653"]
[Result "0-1"]
[Round "7"]
[TimeControl "180+1"]
[Date "2023.11.14"]
[WhiteClock "0:00:03"]
[BlackClock "0:00:19"]
[Board "40"]

1. d4 Nf6 2. c4 g6 3. g3 Bg7 4. Bg2 O-O 5. Nf3 d6 6. O-O Nbd7 7. Nc3 e5 8. e4 exd4 9. Nxd4 c6 10. Re1 Qe7 11. b3 Rd8 12. Ba3 Nf8 13. e5 Ne8 14. exd6 Qf6 15. Bc5 Nxd6 16. Bxd6 Qxd6 17. Nde2 Bg4 18. Qxd6 Rxd6 19. Ne4 Rdd8 20. Rac1 f5 21. Nc5 Rd2 22. Kf1 f4 23. Nxf4 Bd4 24. Ne4 Rxa2 25. Nd3 Ne6 26. Nd6 Rf8 27. f4 g5 28. h3 gxf4 29. hxg4 fxg3+ 30. Nf5 Ng7 31. Re2 Rxe2 32. Kxe2 Nxf5 33. gxf5 Rxf5 34. Be4 Rg5 35. Bg2 h5 36. Kf3 h4 37. Re1 Rg7 38. Re8+ Kh7 39. Re4 Rf7+ 40. Ke2 Bf6 41. Rg4 Re7+ 42. Kf3 Kh6 43. Nf4 Bg5 44. Nh3 Re3# 0-1


[Site "https://www.chess.com"]

[Event "Titled Tuesday Blitz November 14 Late 2023"]
[White "Saya, Ethan"]
[Black "Ahmad, Khagan"]
[WhiteFideId "26095181"]
[BlackFideId "13431552"]
[WhiteElo "2444"]
[BlackElo "2640"]
[Result "0-1"]
[Round "7"]
[TimeControl "180+1"]
[Date "2023.11.14"]
[WhiteClock "0:00:00"]
[BlackClock "0:00:16"]
[Board "41"]

1. d4 Nf6 2. c4 e6 3. Nf3 d5 4. g3 Be7 5. Bg2 O-O 6. O-O dxc4 7. Qc2 a6 8. a4 Bd7 9. Qxc4 Bc6 10. Bf4 Bd6 11. Nc3 a5 12. Ne1 Bxg2 13. Nxg2 Bxf4 14. Nxf4 c6 15. e4 Na6 16. Rad1 Qb6 17. Qe2 Rfd8 18. e5 Nd5 19. Nh5 Nab4 20. Ne4 g6 21. Nhf6+ Nxf6 22. exf6 h6 23. Qe3 Kh7 24. Rd2 Rd5 25. Nc5 Rad8 26. Re1 Rf5 27. Nxe6 fxe6 28. Qxe6 Nd5 29. f7 Rf8 30. f4 R8xf7 31. Qe8 Qc7 32. Qa8 Re7 33. Rde2 Rxe2 34. Rxe2 Qb6 35. Re8 Qxd4+ 36. Kh1 Rf7 37. Qb8 Ne3 0-1


[Site "https://www.chess.com"]

[Event "Titled Tuesday Blitz November 14 Late 2023"]
[White "Flameboard08"]
[Black "Gurevich, Dmitry"]
[BlackFideId "2000407"]
[WhiteElo "2635"]
[BlackElo "2438"]
[Result "0-1"]
[Round "7"]
[TimeControl "180+1"]
[Date "2023.11.14"]
[WhiteClock "0:00:00"]
[BlackClock "0:00:11"]
[Board "42"]

1. f4 d5 2. Nf3 g6 3. d3 Bg7 4. g3 c5 5. Bg2 Nc6 6. O-O Nf6 7. Nbd2 d4 8. e4 dxe3 9. Nc4 Qc7 10. Bxe3 b6 11. Nfe5 Bb7 12. Qf3 Rc8 13. Qf2 O-O 14. h3 Nxe5 15. Nxe5 Bxg2 16. Qxg2 e6 17. Bd2 Nd5 18. Rae1 b5 19. c4 bxc4 20. dxc4 Nb4 21. Bxb4 cxb4 22. b3 Rfd8 23. h4 Rd6 24. h5 Rcd8 25. Nf3 Qc5+ 26. Qf2 Qxh5 27. Kg2 Qa5 28. g4 Rd3 29. Rh1 Qc7 30. Re4 Qc6 31. Rhe1 Bc3 32. R1e2 Rd1 33. f5 exf5 34. gxf5 gxf5 35. Rh4 R8d3 36. Rh3 Rd4 37. Rg3+ Rg4 38. Kh3 h5 39. Nh4 Rh1+ 0-1


[Site "https://www.chess.com"]

[Event "Titled Tuesday Blitz November 14 Late 2023"]
[White "Adewumi, Tanitoluwa"]
[Black "Melikhov, Evgeny V."]
[WhiteFideId "30966396"]
[BlackFideId "4122046"]
[WhiteElo "2630"]
[BlackElo "2414"]
[Result "1-0"]
[Round "7"]
[TimeControl "180+1"]
[Date "2023.11.14"]
[WhiteClock "0:00:03"]
[BlackClock "0:00:00"]
[Board "43"]

1. e4 e5 2. Nf3 Nc6 3. Nc3 Nf6 4. Bb5 Bb4 5. O-O O-O 6. Bxc6 bxc6 7. Nxe5 Bxc3 8. dxc3 Nxe4 9. Re1 Nc5 10. Bh6 Qf6 11. Ng4 Qg6 12. Be3 d6 13. Ne5 dxe5 14. Bxc5 Re8 15. Rxe5 Bh3 16. Rxe8+ Rxe8 17. Qf3 Bf5 18. Bxa7 Bxc2 19. h3 Re5 20. Bd4 Be4 21. Qg4 Qxg4 22. hxg4 Rb5 23. c4 Rb8 24. f3 Bd3 25. b3 f6 26. Rd1 Bc2 27. Rd2 Bb1 28. Bc3 Kf7 29. Rd7+ Kg6 30. Rd2 Kf7 31. Kf2 Ke6 32. Ke2 Bg6 33. Ke3 h5 34. gxh5 Bxh5 35. g4 Bg6 36. f4 Bb1 37. f5+ Bxf5 38. gxf5+ Kxf5 39. Rd7 g5 40. Rxc7 Re8+ 41. Kf2 Re6 42. a4 Kf4 43. a5 g4 44. Bd2+ Ke4 45. a6 c5 46. a7 Ra6 47. Rxc5 Rxa7 48. Rd5 f5 49. Kg3 Ra2 50. Bg5 Rb2 51. Rb5 1-0


[Site "https://www.chess.com"]

[Event "Titled Tuesday Blitz November 14 Late 2023"]
[White "Urazayev, Arystanbek"]
[Black "Jimenez Ruano, Adrian"]
[WhiteFideId "13709810"]
[BlackFideId "22276050"]
[WhiteElo "2824"]
[BlackElo "2419"]
[Result "1-0"]
[Round "7"]
[TimeControl "180+1"]
[Date "2023.11.14"]
[WhiteClock "0:01:53"]
[BlackClock "0:00:00"]
[Board "44"]

1. Nf3 c5 2. g3 Nc6 3. Bg2 e5 4. O-O d5 5. d3 Nf6 6. e4 Be7 7. exd5 Nxd5 8. Re1 f6 9. c3 O-O 10. d4 cxd4 11. cxd4 Bg4 12. h3 Bxf3 13. Qxf3 Ndb4 14. dxe5 Nxe5 15. Qb3+ Kh8 16. Bf4 Bc5 17. Nc3 Ned3 18. Be3 Re8 19. Bxc5 Nxe1 20. Qxb4 Nd3 21. Qa3 Qc7 22. Bd6 Qb6 23. Rf1 Re2 24. Nd5 Qd4 25. Nf4 Rxf2 26. Qxd3 Rxf4+ 27. Qxd4 Rxd4 28. Bc5 Rc4 29. b4 Rb8 30. Bxa7 Ra8 31. Bc5 Rxa2 32. Bd5 Rcc2 33. Bxa2 Rxa2 34. Rd1 h5 35. Rd7 1-0


[Site "https://www.chess.com"]

[Event "Titled Tuesday Blitz November 14 Late 2023"]
[White "Womacka, Mathias"]
[Black "Maksimovic, Bojan"]
[WhiteFideId "4611390"]
[BlackFideId "14408120"]
[WhiteElo "2536"]
[BlackElo "2783"]
[Result "0-1"]
[Round "7"]
[TimeControl "180+1"]
[Date "2023.11.14"]
[WhiteClock "0:00:07"]
[BlackClock "0:00:02"]
[Board "45"]

1. e4 a6 2. d4 e6 3. f4 d5 4. e5 c5 5. Nf3 cxd4 6. Nxd4 Nc6 7. Be3 Nge7 8. Bd3 Nxd4 9. Bxd4 Nc6 10. Bf2 g6 11. O-O f6 12. Bh4 Be7 13. exf6 Bxf6 14. Bxf6 Qxf6 15. c3 O-O 16. Nd2 Bd7 17. Nb3 Rae8 18. Qd2 h6 19. Rf3 Kg7 20. Raf1 Qe7 21. Rg3 Rf6 22. h4 Qf7 23. h5 g5 24. fxg5 Rxf1+ 25. Bxf1 Rf8 26. gxh6+ Kh8 27. Rf3 Qe7 28. Rxf8+ Qxf8 29. Qg5 e5 30. Bd3 Be8 31. g4 Bd7 32. Kg2 a5 33. Kg3 Bc8 34. Nd2 a4 35. a3 e4 36. Be2 Qd6+ 37. Kg2 Qf8 38. Nf1 d4 39. cxd4 Qf7 40. Ng3 Qe7 41. Qf6+ Qxf6 42. Nxe4 Qxd4 43. Ng5 Qd5+ 44. Bf3 Qxg5 45. Kg3 Qxh6 46. Be4 Qg5 47. Bd5 Qxd5 48. Kh4 Qe4 49. h6 Qxg4# 0-1


[Site "https://www.chess.com"]

[Event "Titled Tuesday Blitz November 14 Late 2023"]
[White "Goltsev, Dmitry"]
[Black "Weimarraner"]
[WhiteFideId "24176710"]
[WhiteElo "2718"]
[BlackElo "2533"]
[Result "0-1"]
[Round "7"]
[TimeControl "180+1"]
[Date "2023.11.14"]
[WhiteClock "0:00:03"]
[BlackClock "0:00:08"]
[Board "46"]

1. e4 c5 2. Nf3 d6 3. d4 cxd4 4. Nxd4 Nf6 5. Nc3 a6 6. f3 e5 7. Nb3 Be6 8. Be3 Be7 9. Nd5 Nxd5 10. exd5 Bf5 11. Bd3 Bxd3 12. Qxd3 O-O 13. O-O-O Nd7 14. Kb1 Qc7 15. c4 a5 16. Nd2 b6 17. g4 Nc5 18. Bxc5 bxc5 19. Ne4 Rfb8 20. h4 a4 21. Rh2 Rb4 22. h5 Rab8 23. Rdd2 Qa7 24. g5 Qa6 25. Rc2 Qc8 26. Rcg2 Kh8 27. g6 fxg6 28. hxg6 h6 29. Qe3 Bf8 30. Qg5 Qb7 31. Nxd6 Bxd6 32. Rxh6+ Kg8 33. Rh8+ Kxh8 34. Qh5+ Kg8 35. Qh7+ Kf8 36. Qh8+ Ke7 37. Qxg7+ Kd8 38. Qg8+ Kc7 39. Qf7+ Kb6 40. Qe6 Ka5 41. Qxd6 Rxb2+ 42. Kc1 Rb1+ 43. Kd2 Qb2+ 44. Ke3 Re1+ 45. Kd3 Qb1+ 46. Kc3 Qc1+ 47. Kd3 Re3# 0-1


[Site "https://www.chess.com"]

[Event "Titled Tuesday Blitz November 14 Late 2023"]
[White "Ferreira, Vitor Hugo Vieira"]
[Black "Rohan, Ahuja"]
[WhiteFideId "2119765"]
[BlackFideId "5090598"]
[WhiteElo "2523"]
[BlackElo "2699"]
[Result "0-1"]
[Round "7"]
[TimeControl "180+1"]
[Date "2023.11.14"]
[WhiteClock "0:00:00"]
[BlackClock "0:00:09"]
[Board "47"]

1. d4 Nf6 2. c4 g6 3. Nc3 Bg7 4. e4 d6 5. Nf3 O-O 6. Be2 Nbd7 7. O-O e5 8. Be3 Qe7 9. h3 exd4 10. Bxd4 Nxe4 11. Bxg7 Kxg7 12. Qd4+ Nef6 13. Nd5 Qd8 14. Ng5 c6 15. Nf4 Ne5 16. Rad1 h6 17. Nf3 Qb6 18. Qxd6 Nxf3+ 19. Bxf3 Qxb2 20. Rd2 Qb6 21. c5 Qa5 22. Qd4 Bxh3 23. gxh3 Rad8 24. Qe5 Qxd2 25. Kh1 Rfe8 26. Nh5+ gxh5 27. Rg1+ Kf8 28. Qxf6 Re6 29. Qh4 Rd4 30. Qg3 Qf4 31. Qg7+ Ke7 32. Bxh5 Qf6 33. Qg3 Rd7 34. Bg4 Qe5 35. Qh4+ Qf6 36. Qg3 Qe5 37. Qg2 Rg6 38. Qf3 Rd4 39. Qc3 h5 40. Re1 Kf6 41. Rxe5 Kxe5 42. Qe3+ Kd5 43. Bxh5 Rf6 44. Bf3+ Kc4 45. Be2+ Kd5 46. Bf3+ Kc4 47. Qe5 Rxf3 48. Qe7 Rxf2 49. Qe1 Rdd2 50. Qc1+ Kd3 51. Qb1+ Rc2 52. Qd1+ Kc4 53. Qg4+ Kb5 54. a4+ Ka5 55. Qg1 Rfd2 56. h4 Kb4 57. h5 Rc4 58. Qb1+ Kc3 59. Qc1+ Rc2 60. Qe1+ Kb2 61. h6 Rc1 62. Qxc1+ Kxc1 63. Kg2 Rh4 64. Kf2 Rxh6 65. Ke2 Rh5 66. Kd3 Rxc5 67. Kd4 Rd5+ 0-1


[Site "https://www.chess.com"]

[Event "Titled Tuesday Blitz November 14 Late 2023"]
[White "Maltsevskaya, Aleksandra"]
[Black "Jovic, Stanoje"]
[WhiteFideId "24174041"]
[BlackFideId "905020"]
[WhiteElo "2648"]
[BlackElo "2532"]
[Result "0-1"]
[Round "7"]
[TimeControl "180+1"]
[Date "2023.11.14"]
[WhiteClock "0:00:00"]
[BlackClock "0:00:28"]
[Board "48"]

1. e4 c6 2. d4 d5 3. e5 c5 4. Nf3 Nc6 5. dxc5 Bg4 6. Bb5 e6 7. O-O Bxc5 8. Nbd2 Qb6 9. Bxc6+ bxc6 10. h3 Bh5 11. Nb3 a5 12. Nxc5 Qxc5 13. Be3 Qb5 14. g4 Bg6 15. Nd4 Qa6 16. f4 Be4 17. f5 c5 18. fxe6 fxe6 19. Nb3 c4 20. Nc5 Qc6 21. Nxe4 dxe4 22. Qe2 Ne7 23. Rad1 Nd5 24. Bg5 Qc5+ 25. Kh2 e3 26. c3 Rf8 27. Rxf8+ Kxf8 28. Rd4 Qc7 29. Qf3+ Qf7 30. Kg3 Rb8 31. Bxe3 Qxf3+ 32. Kxf3 Rxb2 33. Rxc4 Rxa2 34. Rc8+ Kf7 35. Bd4 a4 36. Ra8 a3 37. c4 Nb4 38. Bc5 Nd3 39. Bd6 Ra1 40. h4 a2 41. Ke3 Re1+ 42. Kxd3 a1=Q 43. Rxa1 Rxa1 44. c5 Ke8 45. c6 Ra6 46. c7 Kd7 47. h5 Ra4 48. g5 Rh4 49. g6 Rxh5 50. gxh7 Rxh7 51. Ke4 Rh4+ 52. Kf3 g5 53. Kg3 Rc4 54. Kf3 Ke8 55. Kg3 Kf7 56. Kf3 Kg6 57. Ke3 Kf5 58. Kd3 Rc6 59. Ke3 g4 60. Kf2 Kf4 61. Kg2 Rc2+ 62. Kg1 Kf3 0-1


[Site "https://www.chess.com"]

[Event "Titled Tuesday Blitz November 14 Late 2023"]
[White "Omariev, Maksim"]
[Black "GatoRojo150"]
[WhiteFideId "4193423"]
[WhiteElo "2516"]
[BlackElo "2635"]
[Result "1-0"]
[Round "7"]
[TimeControl "180+1"]
[Date "2023.11.14"]
[WhiteClock "0:00:32"]
[BlackClock "0:00:10"]
[Board "49"]

1. g4 d5 2. Bg2 Bxg4 3. c4 c6 4. Qb3 Nf6 5. Qxb7 Nbd7 6. Nc3 e6 7. d4 Rb8 8. Qxa7 Ra8 9. Qb7 Be7 10. h3 Bf5 11. Nf3 O-O 12. Bf4 Nh5 13. Bh2 Bg5 14. Nxg5 Qxg5 15. Rg1 Qe7 16. c5 e5 17. Qxc6 exd4 18. Nxd5 Qxc5 19. Qxc5 Nxc5 20. Ne7+ Kh8 21. Nxf5 Nb3 22. Rb1 Rxa2 23. Bd5 d3 24. Bxb3 Ra5 25. Ne3 dxe2 26. Kxe2 Rb5 27. Bc4 Rb6 28. Be5 f6 29. Bd4 Rb7 30. Kf3 Rd7 31. Bc5 Rc8 32. b4 g5 33. Be6 Rcc7 34. Bxd7 Rxd7 35. Rbd1 Rf7 36. Rd8+ Kg7 37. Rgd1 Nf4 38. R1d7 Nxh3 39. Rxf7+ Kxf7 40. b5 h5 41. b6 g4+ 42. Kg3 Ng5 43. b7 Ne4+ 44. Kh4 Nxc5 45. b8=Q Ne6 46. Rd7+ Kg6 47. Qg8+ 1-0


[Site "https://www.chess.com"]

[Event "Titled Tuesday Blitz November 14 Late 2023"]
[White "Gubajdullin, Alexei"]
[Black "WindWhistler11"]
[WhiteFideId "4141202"]
[WhiteElo "2626"]
[BlackElo "2495"]
[Result "1-0"]
[Round "7"]
[TimeControl "180+1"]
[Date "2023.11.14"]
[WhiteClock "0:01:32"]
[BlackClock "0:00:02"]
[Board "51"]

1. d4 Nf6 2. Nf3 e6 3. Bf4 c5 4. e3 b6 5. Nbd2 Bb7 6. Be2 cxd4 7. exd4 d6 8. O-O Be7 9. c3 O-O 10. h3 Re8 11. Bh2 Nbd7 12. a4 Nf8 13. a5 Ng6 14. Qb3 Nd5 15. Bc4 Ndf4 16. Rfe1 Bg5 17. Ne4 Bh6 18. Bb5 Re7 19. a6 Bd5 20. c4 Bxe4 21. Rxe4 d5 22. cxd5 Qxd5 23. Qxd5 Nxd5 24. Bc6 Rc8 25. Bxd5 exd5 26. Rxe7 Nxe7 27. g4 Rc1+ 28. Rxc1 Bxc1 29. b4 b5 30. Bd6 Nc6 31. Ne5 Nxd4 32. Bc5 Nc2 33. Nc6 Bd2 34. Kf1 Bc3 35. Ke2 d4 36. Nxa7 Bxb4 37. Bb6 Bd6 38. Nc6 d3+ 39. Kxd3 1-0


[Site "https://www.chess.com"]

[Event "Titled Tuesday Blitz November 14 Late 2023"]
[White "MFatigue"]
[Black "Golubev, Mikhail"]
[BlackFideId "14100983"]
[WhiteElo "2490"]
[BlackElo "2616"]
[Result "0-1"]
[Round "7"]
[TimeControl "180+1"]
[Date "2023.11.14"]
[WhiteClock "0:00:21"]
[BlackClock "0:00:13"]
[Board "52"]

1. e4 c5 2. a3 g6 3. h4 h5 4. Nc3 Bg7 5. Bc4 Nc6 6. d3 e6 7. Nge2 Nge7 8. Bg5 a6 9. a4 b6 10. Qd2 Bb7 11. O-O Qc7 12. Bf4 Be5 13. Rad1 O-O-O 14. Bxe5 Nxe5 15. Ba2 d5 16. exd5 Nxd5 17. Nxd5 Bxd5 18. Bxd5 Rxd5 19. Qf4 Ng4 20. Qxc7+ Kxc7 21. d4 Rhd8 22. c3 cxd4 23. Rxd4 e5 24. Rc4+ Kb7 25. b4 b5 26. axb5 axb5 27. Rc5 Rxc5 28. bxc5 Kc6 29. f4 e4 30. g3 Kxc5 31. f5 Ne3 32. Rf4 Nxf5 33. Rxe4 Kd5 34. Rb4 Kc5 35. Re4 Rd3 36. Kf2 Nd6 37. Re5+ Rd5 38. Re7 Rf5+ 39. Ke1 Nc4 40. Rc7+ Kd6 41. Rc8 Re5 42. Kf2 Rf5+ 43. Ke1 Ne3 44. Kd2 Re5 45. Rd8+ Ke7 46. Rb8 Nf1+ 47. Kd3 Re3+ 48. Kd4 Rxe2 49. Rxb5 Rd2+ 50. Kc5 Ne3 51. Kb6 Nd5+ 52. Kc6 Nxc3 53. Re5+ Kf6 54. Re3 Nd1 55. Rf3+ Kg7 56. Kc5 Re2 57. Kc4 Ne3+ 58. Kd3 Re1 59. Rxe3 Rxe3+ 60. Kxe3 Kf6 61. Kf4 Ke6 62. Ke4 f6 63. Kd4 Kf5 64. Ke3 Kg4 65. Kf2 f5 66. Kg2 f4 67. gxf4 Kxf4 68. Kh3 Kf3 69. Kh2 Kg4 70. Kg2 Kxh4 71. Kh2 Kg4 72. Kg2 h4 73. Kh2 h3 74. Kg1 Kh4 75. Kh1 g5 76. Kh2 g4 77. Kh1 g3 78. Kg1 Kg4 79. Kf1 Kf3 80. Kg1 g2 81. Kh2 Kf2 0-1


[Site "https://www.chess.com"]

[Event "Titled Tuesday Blitz November 14 Late 2023"]
[White "Grossboss19"]
[Black "Guerra Tulcan, Lenin"]
[BlackFideId "3601382"]
[WhiteElo "2463"]
[BlackElo "2606"]
[Result "1-0"]
[Round "7"]
[TimeControl "180+1"]
[Date "2023.11.14"]
[WhiteClock "0:00:47"]
[BlackClock "0:00:00"]
[Board "53"]

1. c4 Nf6 2. Nc3 e5 3. d3 Bc5 4. Nf3 d6 5. e3 a6 6. Be2 Ba7 7. O-O O-O 8. b3 h6 9. Bb2 Bf5 10. Nd2 Nbd7 11. Nde4 Rb8 12. a4 Qe7 13. Bf3 Rfd8 14. Re1 Bh7 15. d4 Nxe4 16. Bxe4 Bxe4 17. Nxe4 Nf6 18. Qf3 Nxe4 19. Qxe4 Re8 20. Qd3 e4 21. Qc2 c6 22. d5 cxd5 23. cxd5 Rbc8 24. Qd2 Qg5 25. Rac1 Bc5 26. b4 Bb6 27. Rxc8 Rxc8 28. Rc1 Rxc1+ 29. Bxc1 h5 30. Bb2 h4 31. h3 Kh7 32. Qc3 f5 33. a5 Bd8 34. Qc8 Bf6 35. Bc1 f4 36. exf4 Qxd5 37. Be3 Qf7 38. Qf5+ Qg6 39. Qd5 Bc3 40. Qxb7 d5 41. Qxd5 Bxb4 42. f5 Qe8 43. Bb6 Be1 44. Qd1 Bc3 45. Qg4 Bf6 46. Qe2 Qe5 47. Qxa6 Qa1+ 48. Qf1 Qa2 49. a6 Be5 50. a7 Bf4 51. Bd4 Bd6 52. Qc1 1-0


[Site "https://www.chess.com"]